 Dungeon Sprint DCSS version 0.17-a0-1719-g1afd5a1 (webtiles) character file.

4100000 ztt the Plane Walker (level 26, -28/266 HPs)
             Began as a Ghoul Warper on Aug 27, 2015.
             Was the Champion of Makhleb.
             Annihilated by a destroyer
             ... wielding a +9 great sword of slicing
              (139 damage)
             ... in the Dungeon (Sprint VIII: "Arena of Blood").
             The game lasted 00:01:01 (41 turns).

ztt the Plane Walker (Ghoul Warper)                   Turns: 41, Time: 00:01:02

Health: -28/266    AC:  6    Str: 27    XL:     26   Next: 7%
Magic:  11/53      EV: 21    Int:  8    God:    Makhleb [******]
Gold:   0          SH:  0    Dex:  8    Spells: 1 memorised, 78 levels left

rFire  . . .     SeeInvis .     l - +โˆž Axe of Woe
rCold  + . .     Clarity  .     b - +0 leather armour
rNeg   + + +     SustAt   .     (no shield) rPois โˆž
Gourm  .                        (no helmet)
rElec  .         Spirit   .     (no cloak)
rCorr  .         Warding  .     (no gloves)
rMut   .         NoTele   +     (no boots)
MR     +....                    (no amulet)
Stlth  +++++++++.               (no ring)
                                (no ring)

@: rotting, somewhat resistant to hostile enchantments, incredibly stealthy
A: rotting body, claws 1, carnivore 3, cold resistance 1, negative energy
resistance 3, slow healing 1, torment resistance, unbreathing
a: Minor Destruction, Lesser Servant of Makhleb, Major Destruction, Greater
Servant of Makhleb, Renounce Religion


You were in the Dungeon.
You worshipped Makhleb.
Makhleb was exalted by your worship.
You were not hungry.

You visited 1 branch

Inventory:

Hand weapons
 a - a +0 hand axe
 l - the +โˆž Axe of Woe (weapon)
   (You found it in the Dungeon)
Missiles
 e - 5 tomahawks of dispersal (quivered)
Armour
 b - a +0 leather armour (worn)
Scrolls
 d - 2 scrolls of blinking
Potions
 g - a potion of curing
 h - a potion of heal wounds
 i - a potion of haste
 j - 2 potions of magic
 k - a potion of berserk rage
Books
 c - a book of Spatial Translocations

   Spells                             Type                      Level
   a - Apportation                    Translocation                1
   b - Blink                          Translocation                2
   c - Shroud of Golubria             Charms/Translocation         2
   d - Portal Projectile              Translocation                3
   e - Teleport Other                 Translocation                3
   f - Passage of Golubria            Translocation                4
Comestibles
 f - a meat ration


   Skills:
 O Level 27 Fighting
 O Level 27 Axes
 O Level 27 Throwing
 O Level 27 Armour
 O Level 27 Dodging
 O Level 27 Stealth
 O Level 27 Unarmed Combat
 O Level 27 Spellcasting
 O Level 27 Translocations
 O Level 27 Invocations


You had 78 spell levels left.
You knew the following spells:

 Your Spells              Type           Power        Failure   Level  Hunger
a - Apportation           Tloc           ######....   0%          1    None


Dungeon Overview and Level Annotations

Branches:
Dungeon (1/1)

Altars:
Makhleb


Innate Abilities, Weirdness & Mutations

Your body is rotting away.
You thrive on raw meat.
You are immune to poison.
You have sharp fingernails.
You are carnivorous and can eat meat at any time.
Your flesh is cold resistant.
You are immune to negative energy.
You heal slowly when monsters are visible.
You are immune to unholy pain and torment.
You can survive without breathing.


Message History

You cleave the small abomination in twain.
You destroy the small abomination!
Makhleb accepts your kill.
You slice the meat berserker!!
You dissect the meat berserker like a pig carcass.
You kill the meat berserker!
Makhleb accepts your kill.
You have reached level 26!
You hear a shout! x3
The corpses begin to drag themselves along the ground!
You hear a shout! x2
The destroyer blinks!
You hear a shout! x3
The sculptor of flesh hits you with a +9 great sword!!!!!
Ouch! That really hurt!
A crawling corpse merges with a small abomination to form a large abomination.
You hear a shout! x3
The destroyer hits you with a +9 great sword of slicing!!!!
Ouch! That really hurt!
You die...

.......###))......
.V###..X)))x###...
....#C.%))x.# .
....#.......#..
....x..)C.X.....
......))X%......
......).)..O...#
......x...ยง.z##..
...#..z@%.%.#...%
.......V....#..
..##.#......... .
.............
#...O#....z###
..............
O..............
.......=......


You could see 2 destroyers, 3 sculptors of flesh, 2 large bags of meat, 3 large
abominations, 3 meat berserkers and a small abomination.

Vanquished Creatures
  5 vampire knights (D)
  7 ogres (D)
  31 orcs (D)
  A hill giant (D)
  2 small abominations (D)
  A crawling corpse (D)
47 creatures vanquished.

Notes
Turn   | Place    | Note
--------------------------------------------------------------
     0 | D        | ztt the Ghoul Warper began the quest for the Orb.
     0 | D        | Reached XP level 1. HP: 17/17 MP: 2/2
     3 | D        | Noticed a bag of meat
     3 | D        | Noticed a bag of meat
     4 | D        | Noticed a bag of meat
     4 | D        | Became a worshipper of Makhleb the Destroyer
     5 | D        | Noticed a bag of meat
     5 | D        | Noticed a bag of meat
     7 | D        | Noticed a bag of meat
     7 | D        | Noticed a bag of meat
     7 | D        | Killed a bag of meat
     7 | D        | Reached skill level 11 in Fighting
     7 | D        | Reached skill level 10 in Spellcasting
     7 | D        | Reached skill level 17 in Translocations
     7 | D        | Reached XP level 2. HP: 20/40 MP: 2/12
     7 | D        | Reached XP level 3. HP: 23/47 MP: 2/14
     7 | D        | Reached XP level 4. HP: 26/55 MP: 2/15
     7 | D        | Reached XP level 5. HP: 28/61 MP: 2/17
     7 | D        | Reached XP level 6. HP: 31/68 MP: 2/18
     7 | D        | Reached XP level 7. HP: 33/74 MP: 2/20
     7 | D        | Reached XP level 8. HP: 36/82 MP: 2/21
     7 | D        | Reached XP level 9. HP: 39/89 MP: 2/22
     7 | D        | Reached XP level 10. HP: 42/96 MP: 2/23
     7 | D        | Reached XP level 11. HP: 45/103 MP: 2/24
     7 | D        | Reached XP level 12. HP: 48/110 MP: 2/25
     8 | D        | Noticed a bag of meat
     8 | D        | Killed a bag of meat
     8 | D        | Acquired Makhleb's first power
     8 | D        | Reached skill level 20 in Translocations
     8 | D        | Reached XP level 13. HP: 41/122 MP: 2/28
     8 | D        | Killed a bag of meat
     8 | D        | Reached skill level 21 in Translocations
     8 | D        | Reached XP level 14. HP: 43/133 MP: 2/30
     9 | D        | Noticed a bag of meat
     9 | D        | Noticed a bag of meat
     9 | D        | Noticed a bag of meat
     9 | D        | Noticed a bag of meat
     9 | D        | Noticed a meat berserker
     9 | D        | Killed a bag of meat
     9 | D        | Acquired Makhleb's second power
     9 | D        | Reached skill level 15 in Fighting
     9 | D        | Reached skill level 23 in Translocations
     9 | D        | Killed a bag of meat
     9 | D        | Reached skill level 24 in Translocations
     9 | D        | Reached XP level 15. HP: 99/145 MP: 2/32
    10 | D        | Noticed a bag of meat
    10 | D        | Noticed a bag of meat
    10 | D        | Noticed a bag of meat
    10 | D        | Noticed a bag of meat
    10 | D        | Killed a bag of meat
    10 | D        | Acquired Makhleb's third power
    10 | D        | Reached skill level 15 in Spellcasting
    10 | D        | Reached skill level 25 in Translocations
    11 | D        | Noticed a bag of meat
    11 | D        | Noticed a large bag of meat
    11 | D        | Killed a bag of meat
    11 | D        | Reached skill level 15 in Axes
    11 | D        | Reached skill level 26 in Translocations
    11 | D        | Reached XP level 16. HP: 104/158 MP: 3/34
    11 | D        | Noticed a bag of meat
    12 | D        | Noticed a bag of meat
    12 | D        | Noticed a bag of meat
    12 | D        | Killed a bag of meat
    12 | D        | Reached skill level 15 in Dodging
    12 | D        | Killed a meat berserker
    12 | D        | Acquired Makhleb's fourth power
    12 | D        | Reached skill level 5 in Throwing
    12 | D        | Reached skill level 5 in Armour
    12 | D        | Reached skill level 27 in Translocations
    12 | D        | Reached XP level 17. HP: 165/173 MP: 3/37
    13 | D        | Noticed a bag of meat
    13 | D        | Noticed a bag of meat
    13 | D        | Noticed a meat berserker
    13 | D        | Noticed a bag of meat
    13 | D        | Killed a bag of meat
    13 | D        | Killed a bag of meat
    13 | D        | Acquired Makhleb's fifth power
    14 | D        | Noticed a meat berserker
    14 | D        | Noticed a bag of meat
    14 | D        | Noticed a bag of meat
    14 | D        | Killed a bag of meat
    14 | D        | Reached XP level 18. HP: 186/192 MP: 4/41
    14 | D        | Killed a bag of meat
    15 | D        | Killed a bag of meat
    15 | D        | Killed a bag of meat
    15 | D        | Killed a bag of meat
    15 | D        | Reached skill level 27 in Fighting
    15 | D        | Reached XP level 19. HP: 205/207 MP: 4/44
    15 | D        | Killed a bag of meat
    17 | D        | Killed a bag of meat
    17 | D        | Killed a bag of meat
    17 | D        | Reached skill level 27 in Axes
    17 | D        | Reached skill level 10 in Armour
    17 | D        | Killed a large bag of meat
    18 | D        | Killed a meat berserker
    18 | D        | Reached XP level 20. HP: 216/216 MP: 5/49
    19 | D        | Killed a bag of meat
    19 | D        | Reached skill level 10 in Throwing
    19 | D        | Reached skill level 27 in Spellcasting
    19 | D        | Killed a bag of meat
    19 | D        | Reached skill level 27 in Dodging
    19 | D        | Reached skill level 5 in Stealth
    19 | D        | Killed a bag of meat
    19 | D        | Reached skill level 15 in Armour
    19 | D        | Reached skill level 10 in Stealth
    19 | D        | Killed a bag of meat
    19 | D        | Reached XP level 21. HP: 224/224 MP: 5/51
    19 | D        | Killed a meat berserker
    20 | D        | Noticed a bag of meat
    20 | D        | Noticed a destroyer
    20 | D        | Killed a bag of meat
    20 | D        | Killed a bag of meat
    21 | D        | Noticed a bag of meat
    22 | D        | Noticed a bag of meat
    22 | D        | Killed a bag of meat
    22 | D        | Reached XP level 22. HP: 228/233 MP: 6/52
    23 | D        | Noticed a bag of meat
    24 | D        | Noticed a meat berserker
    24 | D        | Killed a destroyer
    24 | D        | Reached skill level 27 in Armour
    25 | D        | Noticed a bag of meat
    25 | D        | Killed a bag of meat
    27 | D        | Noticed a large bag of meat
    27 | D        | Noticed a destroyer
    27 | D        | Noticed a meat berserker
    27 | D        | Noticed a destroyer
    28 | D        | Killed a meat berserker
    28 | D        | Reached skill level 27 in Throwing
    28 | D        | Reached skill level 27 in Stealth
    29 | D        | Noticed a destroyer
    29 | D        | Noticed a bag of meat
    29 | D        | Killed a bag of meat
    29 | D        | Reached XP level 23. HP: 240/240 MP: 8/53
    30 | D        | Noticed a sculptor of flesh
    30 | D        | Noticed a destroyer
    31 | D        | Killed a destroyer
    31 | D        | Killed a destroyer
    31 | D        | Killed a bag of meat
    31 | D        | Reached XP level 24. HP: 249/249 MP: 8/53
    32 | D        | Killed a meat berserker
    32 | D        | Reached skill level 27 in Unarmed Combat
    32 | D        | Reached skill level 27 in Invocations
    33 | D        | Noticed a destroyer
    33 | D        | Killed a bag of meat
    34 | D        | Killed a destroyer
    35 | D        | Noticed a meat berserker
    35 | D        | Killed a bag of meat
    35 | D        | Reached XP level 25. HP: 257/257 MP: 9/53
    36 | D        | Noticed a meat berserker
    36 | D        | Noticed a destroyer
    36 | D        | Noticed a large bag of meat
    36 | D        | Killed a bag of meat
    36 | D        | Killed a destroyer
    38 | D        | Noticed a sculptor of flesh
    38 | D        | Noticed a sculptor of flesh
    40 | D        | Noticed a meat berserker
    40 | D        | Noticed a meat berserker
    40 | D        | Noticed a destroyer
    40 | D        | Killed a meat berserker
    40 | D        | Killed a meat berserker
    40 | D        | Reached XP level 26. HP: 266/266 MP: 10/53
    41 | D        | Annihilated by a destroyer

Vault maps used:
D:        meatsprint

Action                   |  1- 3 |  4- 6 |  7- 9 | 10-12 | 13-15 | 16-18 | 19-21 | 22-24 | 25-27 || total
-------------------------+-------+-------+-------+-------+-------+-------+-------+-------+-------++-------
Melee: Executioner's axe |     1 |       |       |     1 |     3 |     4 |     5 |     9 |     3 ||    26
